Yiling Laozu, lawful male human Samurai ######################################### # ---- ---- --------# ### |... |..| |..|...|# ----- # |.... |..| |%.|...|# |...| ### | --------|-....----|--+--=--...|# |...| # |........................?H.....|# |..<| ### | -------+--.....=.----------...|# ##....| ----- # |......{-....|/ |...|# # |...| |..%|### |.......|..i.|[u&a...|######|...| |....# -.......|H;_.|((.|...| # ----- |.>.| .....{....|.@..|? |...|### ----- --+---|--.----------|...|# .M |.|@ |(((h|...|# +) |.| |(((A|...|# |/+ |.| ...|...|# | ---------------.--+------|-...|# |................................# --------------------------------- Yiling Laozu the Joshu Experience level: 10 Strength: 17 Dexterity: 16 Constitution: 18 Intelligence: 10 Wisdom: 9 Charisma: 7 Health: 23(92) Energy: 35(35) AC: -5 Gold: 180 Moves: 7335 Your Inventory: Coins $ - 180 gold pieces Amulets w - an uncursed amulet of ESP (being worn) J - an uncursed square amulet [of strangulation] Weapons a - an uncursed +0 katana (weapon in hand) b - an uncursed +3 wakizashi c - an uncursed +0 yumi (alternate weapon; not wielded) d - 30 uncursed +0 ya j - an uncursed [+3] dagger R - 12 uncursed [+0] elven arrows Armor e - an uncursed rustproof +0 splint mail (being worn) f - an uncursed +0 cloak of protection (being worn) s - an uncursed +0 pair of hiking boots [water walking] (being worn) L - a blessed [+3] mummy wrapping N - an [uncursed] +0 orcish helm (being worn) V - an [uncursed] +0 elven shield (being worn) Comestibles G - an uncursed sprig of wolfsbane O - an uncursed orange Scrolls q - an uncursed scroll of magic mapping A - an uncursed scroll labeled ANDOVA BEGARIN [of enchant weapon] D - an uncursed scroll called earth [of earth] E - a blessed scroll called earth [of earth] H - an uncursed scroll of teleportation Potions n - an uncursed potion of speed Rings F - an uncursed iron ring [of shock resistance] I - an uncursed [+2] shiny ring [of increase accuracy] K - an uncursed copper ring [of slow digestion] P - an uncursed quartz ring [of teleport control] U - an uncursed plain ring [of conflict] Wands h - an uncursed wand of cold [0:5] i - an uncursed wand of striking [0:7] x - an uncursed wand called teleport [of teleportation (0:4)] W - an uncursed wand called sleep/death [of sleep (0:4)] X - an uncursed wand of secret door detection [0:14] Tools g - an uncursed [oil] lamp t - an uncursed blindfold u - 2 uncursed [tallow] candles z - 2 uncursed partly used [wax] candles T - an uncursed sack named from sokoban - prize Gems k - an uncursed red gem [worthless glass] v - 3 uncursed violet gems [worthless glass] B - 2 [uncursed] green gems [jade] Contents of the sack named from sokoban - prize: 622 gold pieces a blessed scroll of create monster an uncursed scroll of identify 2 uncursed unlabeled scrolls [of blank paper] an uncursed wand of create monster [0:14] a cursed wand of secret door detection [0:11] an uncursed wand of speed monster [0:5] an uncursed wand of speed monster [0:0] an uncursed magic marker [0:45] an uncursed tin opener Spells known in the end: Name Level Category Fail Memory Your skills at the end: Fighting Skills martial arts [Basic / Master] body armor [Basic / Expert] Weapon Skills short sword [Skilled / Expert] long sword [Expert / Expert] bow [Basic / Expert] Spellcasting Skills Final Attributes: You had transgressed. Hunger level was 899. Your alignment was -11 / 46. Monster difficulty range was 1 - 8. Level difficulty was 7. You resisted fire. You resisted cold. You resisted poison. You were hallucinating. You were telepathic. You were levitating. You could walk on water. You were fast. You were extremely unlucky (-10). Amaterasu Omikami was angry with you (1). You are dead. Vanquished creatures: 2 giant mimics a shocking sphere a wraith a carnivorous ape 4 watchmen an incubus a chameleon 2 giant beetles 4 wolves a panther a gremlin a leprechaun a giant spider a horse a black light an orc mummy 3 brown puddings 2 yetis a gold golem 2 dogs a dingo 3 jaguars 2 apes 2 human zombies 3 Woodland-elves a soldier ant 3 fire ants 12 snow ants a quasit 2 Mordor orcs 7 Uruk-hai 5 enormous rats 4 rock moles a pony a yellow light 3 gnome lords 3 gnomish wizards a kobold mummy 2 red naga hatchlings 2 golden naga hatchlings a guardian naga hatchling a gray ooze 2 elf zombies a straw golem a paper golem a wax golem 4 giant ants a little dog a floating eye 4 dwarves a kobold lord a kobold shaman 7 rothes a centipede 2 giant bats 3 monkeys an orc zombie 4 dwarf zombies 6 iguanas 16 killer bees 3 acid blobs 5 coyotes 2 hobbits 8 manes 4 large kobolds 2 hobgoblins 4 giant rats a cave spider a brown mold a yellow mold a green mold a red mold 38 gnomes 9 garter snakes a gnome zombie 4 geckos 11 jackals a fox a kobold 3 goblins 4 sewer rats 9 grid bugs 4 bats 4 lichens 4 kobold zombies 9 newts and a partridge in a pear tree 285 creatures vanquished. Voluntary challenges: You used a wielded weapon 411 times. You read items or engraved 8 times. You put on armor 7 times. You never genocided any monsters. You never polymorphed an object. You never changed form. You used no wishes. You never wrote Elbereth's name. You never encountered a bones level. You never used any Sokoban shortcuts. Dungeon overview: The Dungeons of Doom: levels 1 to 7 Level 1 a long staircase Level 2 a fountain, a sink Level 3 some fountains stairs to The Gnomish Mines Level 4 some fountains Level 6 many fountains Level 7 an altar to Amaterasu Omikami stairs to Sokoban The Gnomish Mines: levels 4 to 7 Level 4 stairs to The Dungeons of Doom Level 6 (magic trap) Level 7 <- You were here some shops, a temple to Amaterasu Omikami, a magic chest, some fountains Sokoban: levels 4 to 6 Level 6 a magic chest stairs to The Dungeons of Doom History has recorded: On T:1 you entered the Dungeons of Doom to retrieve the Amulet of Yendor! On T:393 you reached level 2 of The Dungeons of Doom. On T:516 you advanced to experience level 2. On T:910 you reached level 3 of The Dungeons of Doom. On T:990 you reached level 1 of The Gnomish Mines. On T:998 you advanced to experience level 3. On T:1123 you advanced to experience level 4. On T:1296 you advanced to experience level 5. On T:1523 you advanced to experience level 6. On T:1676 you reached level 4 of The Dungeons of Doom. On T:1878 you reached level 5 of The Dungeons of Doom. On T:2068 you reached level 6 of The Dungeons of Doom. On T:2134 you advanced to experience level 7. On T:2547 you reached level 7 of The Dungeons of Doom. On T:2903 you reached level 3 of Sokoban. On T:2947 you advanced to experience level 8. On T:3375 you reached level 2 of Sokoban. On T:3890 you reached level 1 of Sokoban. On T:4756 you advanced to experience level 9. On T:5480 you reached level 2 of The Gnomish Mines. On T:6407 you reached level 3 of The Gnomish Mines. On T:6726 you advanced to experience level 10. On T:7013 you reached level 4 of The Gnomish Mines. Latest messages: You stop waiting. The baby leviathan thrusts his wakizashi. The flamingo sphere misses. The orc-captain thrusts his wakizashi. The poultrygeist misses. You stop waiting. [HP+1=43] You begin praying to Amaterasu Omikami. The rattlesnake thrusts his halberd. The paper golem hits! The little green man thrusts his wakizashi. The robot hits! [HP-20=23] The aliasing priest thrusts his halberd. The killer bunny hits! The rock mole thrusts his wakizashi. The existential angst just misses! [HP-1=22] You finish your prayer. The voice of Amaterasu Omikami thunders: "Thou hast angered me." Suddenly, a bolt of lightning strikes you! You fry to a crisp. Final status: Sayonara Yiling Laozu the Samurai... You died in The Gnomish Mines on dungeon level 7 with 2584 points, and 802 pieces of gold, after 7335 moves. You were level 10 with a maximum of 92 hit points when you died.